 Dungeon Crawl Stone Soup version 0.30.1-11-g7821555f0a (webtiles) character file.

Game seed: 4781646833443576916

49 ExpiredMilk the Trooper (level 3, -2/33 HPs)
             Began as a Hill Orc Fighter on Dec 23, 2023.
             Was an Initiate of Beogh.
             Slain by a two-headed ogre
             ... wielding a +0 giant spiked club
             ... created by the fury of Okawaru
              (28 damage)
             ... on level 3 of the Dungeon.
             The game lasted 00:31:45 (1107 turns).

ExpiredMilk the Trooper (Hill Orc Fighter)          Turns: 1107, Time: 00:31:46

Health: -2/33      AC:  9    Str: 20    XL:     3   Next: 77%
Magic:  3/3        EV:  7    Int:  8    God:    Beogh [......]
Gold:   123        SH:  4    Dex: 10    Spells: 2/2 levels left

rFire   . . .        a - +0 war axe
rCold   . . .        c - +0 buckler
rNeg    . . .        s - +0 chain mail
rPois   .            (no helmet)
rElec   .            (no cloak)
rCorr   +            (no gloves)
SInv    .            (no boots)
Will    .....        (no amulet) Stlth
                     e - ring of resist corrosion
HPRegen 0.25/turn    (no ring)
MPRegen 0.08/turn

%: no passive effects
@: no status effects
A: no striking features
a: Renounce Religion


You were on level 3 of the Dungeon.
You worshipped Beogh.
Beogh was noncommittal.
You visited 1 branch of the dungeon, and saw 3 of its levels.

You collected 123 gold pieces.

Inventory:

Hand Weapons
 a - a +0 war axe (weapon)
 g - a +0 sling
 o - a +0 dagger
 r - a +0 glaive
 t - a +0 quarterstaff
Armour
 b - a +0 scale mail
 c - a +0 buckler (worn)
 i - a +0 ring mail
 m - a +0 leather armour
 s - a +0 chain mail (worn)
 w - a +0 robe of fire resistance
Magical Staves
 k - a staff of air
Jewellery
 e - a ring of resist corrosion (left hand)
Scrolls
 h - a scroll of identify {unknown}
 n - a scroll of blinking {unknown}
 q - a scroll of magic mapping {unknown}
Potions
 d - a potion of might
 f - a potion of resistance {unknown}
 j - a potion of attraction {unknown}
 l - a potion of invisibility {unknown}
 p - a potion of heal wounds {unknown}
 u - a potion of cancellation {unknown}
 v - a potion of lignification {unknown}


   Skills:
 + Level 4.0 Fighting
 + Level 2.9 Axes
 + Level 3.9 Armour
 + Level 0.4 Stealth
 + Level 4.0 Shields


You had 2 spell levels left.
You didn't know any spells.
Your spell library was empty.

Dungeon Overview and Level Annotations

Branches:
Dungeon (3/15)

Altars:
Okawaru
Xom


Message History

The jackal bites you.
You closely miss the jackal.
The jackal is moderately wounded.
The jackal barely misses you.
You closely miss the jackal.
The jackal is moderately wounded.
You block the jackal's attack. x2
You barely miss the jackal.
The jackal is moderately wounded.
You block the jackal's attack.
The jackal bites you but does no damage.
You slash the jackal!
You kill the jackal!
Beogh accepts your kill.
Okay, then.
Press: ? - help, v - describe, . - travel A stone staircase leading down.
There is a shimmering altar of Xom here.
There is a stone staircase leading down here.
You climb downwards.
Found a glowing robe and a robe.
There is a stone staircase leading up here.
You see here a +0 robe of fire resistance.
w - a +0 robe of fire resistance You see here a +0 robe.
Okawaru sends forces against you! The divine experience confuses you!
You are confused.
A two-headed ogre comes into view.
It is wielding a +0 giant spiked club and a +0 giant club.
You bump into the rock wall.
You slash the two-headed ogre!
The two-headed ogre is lightly wounded.
The two-headed ogre barely misses you.
The two-headed ogre hits you with a +0 giant club.
You're too confused to move!
You bump into the rock wall.
You feel less confused.
The two-headed ogre hits you with a +0 giant spiked club.
The two-headed ogre hits you with a +0 giant club!!
Ouch! That really hurt!
You die...

...##...### #.#
#. ... #.# ##
#.# #.#
####<####
#.......#
#[#####.# #.#
#.############.
#.#
#.....@O.......
#.#
#.#############
#.#####.#
#.......#
#########


You could see a two-headed ogre.

Vanquished Creatures
  3 adders
  A worm (D:2)
  2 endoplasms
  3 hobgoblins
  2 jackals
  A quokka (D:3)
  3 bats (D:1)
  3 frilled lizards
  A goblin (D:2)
  2 kobolds
21 creatures vanquished.

Vanquished Creatures (others)
  An orc priest (D:3)
1 creature vanquished.

Grand Total: 22 creatures vanquished

Notes
Turn   | Place    | Note
-------+----------+-------------------------------------------
     0 | D:1      | ExpiredMilk the Hill Orc Fighter began the quest for the
                  | Orb.
     0 | D:1      | Reached XP level 1. HP: 19/19 MP: 1/1
   179 | D:1      | Found a faded altar of an unknown god.
   246 | D:1      | Reached XP level 2. HP: 27/27 MP: 2/2
   295 | D:1      | Prayed at the altar of an unknown god.
   295 | D:1      | Became a worshipper of Warmaster Okawaru
   295 | D:1      | Reached * piety under Okawaru
   394 | D:2      | Found a shimmering altar of Xom.
   770 | D:2      | Reached XP level 3. HP: 33/33 MP: 3/3
   968 | D:3      | Fell from the grace of Okawaru
   968 | D:3      | Became a worshipper of Beogh the Brigand
  1017 | D:3      | Noticed a gnoll sergeant
  1103 | D:3      | Noticed a two-headed ogre
  1107 | D:3      | Slain by a two-headed ogre

Illustrated notes

Levels and vault maps discovered:
D:1:      dpeg_arrival_erosion, layout_basic, shapermc_ecumenical_altar_pompeii
D:2:      layout_basic, basic_altar, grunt_decor_mini_mirrors,
          minmay_box_of_dots
D:3:      layout_loops_ring, wander_ebering_terrifying_dragon_lair

Skill      XL: |  1  2  3 |
---------------+----------+-----
Fighting       | 4 |  4.0
Shields        | 4 |  4.0
Axes           | |  2.9
Armour         | |  3.9
Stealth        | |  0.4

Action                     || total
---------------------------++-------
  Melee: War axe           ||    78
 Invoke: Convert to Beogh  ||     1
 Armour: Scale mail        ||    15
         Chain mail        ||    50
  Dodge: Dodged            ||    56
  Block: Buckler           ||    30
